 Dungeon Crawl Stone Soup version 0.14-a0-2564-g94087c3 (webtiles) character file.

530 MirrMurr the Covert (level 6, 0/28 HPs)
             Began as a Spriggan Enchanter on Feb 11, 2014.
             Killed from afar by Mygna's ghost (8 damage)
             ... with a magic dart
             ... on Level 5 of the Dungeon.
             The game lasted 00:15:17 (3783 turns).

MirrMurr the Covert (Spriggan Enchanter)            Turns: 3783, Time: 00:15:17

HP   0/28        AC  6     Str  6      XL: 6   Next: 54%
MP  13/18        EV 18     Int 16      God:
Gold 129         SH  0     Dex 17      Spells:  3 memorised,  5 levels left

rFire  . . .     SeeInvis +     a - +1 dagger
rCold  . . .     Clarity  .     g - +2 robe
rNeg   . . .     Conserve .     (shield restricted)
rPois  .         rCorr    .     (helmet restricted)
rElec  .         rRot     .     (no cloak)
SustAb . .       Spirit   .     (gloves unavailable)
rMut   .         Warding  .     (boots unavailable)
Saprov . . .     Stasis   .     (no amulet)
MR     +....                    (no ring)
                                f - +2 ring of protection

@: very slightly contaminated, very quick, somewhat resistant to hostile
enchantments, very stealthy
A: unfitting armour, see invisible, herbivore 3, speed 3, slow metabolism 2
a: no special abilities


You were on level 5 of the Dungeon.
You were very hungry.

You visited 1 branch of the dungeon, and saw 5 of its levels.
You also visited: Sewer.

You collected 129 gold pieces.

Inventory:

Hand weapons
 a - a +1,+1 dagger (weapon)
 b - a +1,+0 sling
 c - a +0 blowgun
Missiles
 d - 12 darts (quivered)
 h - 7 curare-tipped needles
 p - 55 stones
 q - 15 poisoned needles
 s - 11 sling bullets
Armour
 g - a +2 robe (worn)
Comestibles
 B - a bread ration
Scrolls
 i - 2 scrolls of identify
 j - a scroll of enchant weapon II {unknown}
 l - 5 scrolls of teleportation
 o - a scroll of amnesia {unknown}
 r - a scroll of enchant armour
 u - a scroll of immolation {unknown}
 x - 2 scrolls of remove curse {unknown}
 y - a scroll of blinking
 A - a scroll of magic mapping {unknown}
 C - a scroll of recharging {unknown}
 D - a scroll of noise {unknown}
Jewellery
 f - a +2 ring of protection (left hand)
Potions
 e - a potion of porridge
 n - 2 potions of brilliance
 v - 3 potions of heal wounds
Books
 k - a book of Maledictions

   Spells                             Type                      Level
   *Corona                            Hexes                        1
   Sure Blade                         Hexes/Charms                 2
   *Ensorcelled Hibernation           Hexes/Ice                    2
   *Confuse                           Hexes                        3
   Enslavement                        Hexes                        4
   Invisibility                       Hexes                        6
 t - a book of Wizardry

   Spells                             Type                      Level
   Summon Elemental                   Summoning                    4
   Agony                              Necromancy                   5
   Force Lance                        Conjuration                  5
   Fireball                           Conjuration/Fire             5
   Haste                              Charms                       6
   Invisibility                       Hexes                        6
Magical staves
 m - an uncursed staff of death {unknown}


   Skills:
 * Level 4.5 Short Blades
 - Level 1.1 Throwing
 - Level 3.0 Dodging
 * Level 8.6 Stealth
 + Level 3.1 Spellcasting
 - Level 3.6 Hexes


You had 5 spell levels left.
You knew the following spells:

 Your Spells              Type           Power        Failure   Level  Hunger
a - Ensorcelled Hibernat  Hex/Ice        #.....       14%         2    ##.....
b - Confuse               Hex            ##......     14%         3    ###....
Z - Corona                Hex            ##.....      6%          1    #......


Dungeon Overview and Level Annotations

Branches:
Dungeon (5/16)             Temple (0/1) D:5

Altars:
Elyvilon
Fedhas
Makhleb
Okawaru
Xom
The Shining One

Annotations:
D:2 cure mut
D:4 come back, Natasha
D:5 Mygna's ghost, experienced HECj


Innate Abilities, Weirdness & Mutations

You are tiny and cannot use many weapons and most armour.
You have supernaturally acute eyesight.
You are a herbivore.
You cover ground extremely quickly.
You need consume almost no food.


Message History

The barrage of energy hits you!
Casting: Confuse
Confirm with . or Enter, or press ? or * to list all spells.
Aiming: Confuse
Press: ? - help, Shift-Dir - straight line, f/p - Mygna's ghost
Aim: Mygna's ghost (severely damaged) Mygna's ghost resists with almost no effort.
Mygna's ghost gestures at you while chanting.
The magic dart hits you!
The battlesphere fires!
The barrage of energy hits you!
* * * LOW HITPOINT WARNING * * *
Casting: Confuse
Confirm with . or Enter, or press ? or * to list all spells.
Aiming: Confuse
Press: ? - help, Shift-Dir - straight line, f/p - Mygna's ghost
Aim: Mygna's ghost (severely damaged) Mygna's ghost resists with almost no effort.
Mygna's ghost casts a spell at you. The magic dart hits you!
You die...

.....###.....# .#
≈≈{≈≈≈#.....##.#
....#≈#...>....##
......≈....>.......
.....≈......#####
.>...≈.......*..#
.....≈..........#
.....≈....p.....+
..#≈#..@......#
≈≈≈#.........#
###..#.######
.....#.# ..###..#.#
#..#.# #.....
#.##.# #. ...


You could see Mygna's ghost.

Vanquished Creatures
  A hound (D:4)
  A worker ant (D:4)
  An orc wizard (D:4)
  An ogre zombie (D:3)
  7 gnolls (D:3)
  4 green rats (Sewer)
  7 adders
  2 worms
  4 grey rats (Sewer)
  An ooze (D:2)
  6 orcs
  6 bats
  2 giant cockroaches
  11 goblins
  13 hobgoblins
  11 jackals
  2 quokkas (D:3)
  3 ball pythons
  12 giant newts
  A hobgoblin skeleton (D:4)
  5 kobolds
  17 rats
118 creatures vanquished.

Notes
Turn   | Place    | Note
--------------------------------------------------------------
     0 | D:1      | MirrMurr, the Spriggan Enchanter, began the quest for the Orb.
     0 | D:1      | Reached XP level 1. HP: 9/9 MP: 4/4
   159 | D:1      | Reached skill level 4 in Stealth
   199 | D:1      | Reached XP level 2. HP: 11/13 MP: 7/7
   212 | D:1      | Learned a level 2 spell: Ensorcelled Hibernation
   355 | D:1      | Reached skill level 5 in Stealth
   789 | D:2      | Reached XP level 3. HP: 16/16 MP: 9/9
   794 | D:2      | Learned a level 3 spell: Confuse
   899 | D:2      | Found a glowing golden altar of the Shining One.
   899 | D:2      | Found a white marble altar of Elyvilon.
   900 | D:2      | Found an iron altar of Okawaru.
   904 | D:2      | Found a burning altar of Makhleb.
   911 | D:2      | Found a shimmering altar of Xom.
   914 | D:2      | Found a blossoming altar of Fedhas.
  1018 | D:2      | Reached skill level 6 in Stealth
  1174 | D:2      | Reached XP level 4. HP: 21/21 MP: 8/12
  1847 | D:3      | Reached skill level 7 in Stealth
  1851 | D:3      | Reached XP level 5. HP: 24/24 MP: 2/14
  2030 | D:3      | HP: 1/24 [poisoned by a kobold]
  2572 | D:3      | Found a glowing drain.
  2576 | Sewer    | Entered a sewer
  2715 | Sewer    | Reached skill level 8 in Stealth
  2782 | Sewer    | Reached XP level 6. HP: 25/28 MP: 17/17
  3373 | D:4      | Noticed Natasha
  3693 | D:5      | Entered Level 5 of the Dungeon
  3751 | D:5      | Found a staircase to the Ecumenical Temple.
  3751 | D:5      | Noticed Mygna's ghost (experienced HECj)
  3783 | D:5      | Killed from afar by Mygna's ghost

Action                   |  1- 3 |  4- 6 || total
-------------------------+-------+-------++-------
Melee: Dagger            |   135 |   239 ||   374
 Fire: Sling             |     6 |    16 ||    22
       Blowgun           |       |     2 ||     2
 Cast: Ensorcelled Hiber |     2 |    31 ||    33
       Confuse           |       |     8 ||     8
  Use: Potion            |     1 |     8 ||     9
       Scroll            |     1 |     8 ||     9
 Stab: Sleeping          |    16 |    36 ||    52
       Confused          |       |     2 ||     2
